 Dungeon Crawl Stone Soup version 0.18-a0-1628-g61c6396 (webtiles) character file.

79 kurovuster the Sneak (level 4, 0/23 HPs)
             Began as a Spriggan Assassin on Mar 26, 2016.
             Slain by a bat (1 damage)
             ... summoned by Eustachio
             ... on level 4 of the Dungeon.
             The game lasted 00:09:54 (1280 turns).

kurovuster the Sneak (Spriggan Assassin)            Turns: 1280, Time: 00:09:55

Health: 0/23       AC:  3    Str:  7    XL:     4   Next: 17%
Magic:  5/5        EV: 18    Int: 12    God:
Gold:   105        SH:  0    Dex: 18    Spells: 0 memorised, 3 levels left

rFire  . . .     SeeInvis +     a - +2 dagger
rCold  + . .     Gourm    .     c - +0 robe
rNeg   . . .     Faith    .     (shield restricted)
rPois  .         Spirit   .     (helmet restricted)
rElec  .         Dismiss  .     d - +0 cloak
rCorr  .         Reflect  .     (gloves unavailable)
SustAt .         Harm     .     (boots unavailable)
MR     .....                    (no amulet)
Stlth  ++++......               (no ring)
                                s - ring of protection from cold

@: very quick, not resistant to hostile enchantments, stealthy
A: unfitting armour, see invisible, herbivore 3, speed 3, slow metabolism 2
a: no special abilities


You were on level 4 of the Dungeon.
You were not hungry.

You visited 1 branch of the dungeon, and saw 4 of its levels.

You collected 105 gold pieces.

Inventory:

Hand Weapons
 a - a +2 dagger (weapon)
 b - a +0 blowgun
 q - a +1 mace of venom
 r - a +0 blowgun
Missiles
 e - 17 poisoned needles
 f - 2 curare-tipped needles
Armour
 c - a +0 robe (worn)
 d - a +0 cloak (worn)
 j - a +0 cloak
 p - a +0 pair of gloves
Jewellery
 s - a ring of protection from cold (left hand)
Wands
 u - a wand of teleportation (6/9)
Scrolls
 h - 3 scrolls of identify {unknown}
 k - a scroll of magic mapping {unknown}
 l - a scroll of remove curse {unknown}
 m - a scroll of teleportation {unknown}
Potions
 i - 2 potions of invisibility {unknown}
 o - a potion of mutation {unknown}
 t - a potion of lignification {unknown}
Comestibles
 g - a bread ration
 n - a beef jerky


   Skills:
 + Level 1.7 Fighting
 + Level 2.3 Short Blades
 + Level 2.0 Throwing
 + Level 3.1 Dodging
 + Level 7.7 Stealth


You had 3 spell levels left.
You didn't know any spells.

Dungeon Overview and Level Annotations

Branches:
Dungeon (4/15)
 Temple: D:4-7

Altars:
The Shining One

Annotations:
D:4 Eustachio


Innate Abilities, Weirdness & Mutations

You are tiny and cannot use many weapons and most armour.
You have supernaturally acute eyesight.
You are a herbivore.
You cover ground extremely quickly.
You need consume almost no food.


Message History

The bat is severely wounded.
The bat barely misses you. x2
The bat hits you.
* * * LOW HITPOINT WARNING * * *
The bat misses you.
You closely miss the bat.
The bat is severely wounded.
The bat hits you.
* * * LOW HITPOINT WARNING * * *
The bat hits you but does no damage. The bat completely misses you.
You miss the bat.
The bat is severely wounded.
The bat hits you.
* * * LOW HITPOINT WARNING * * *
The bat misses you. The bat hits you.
* * * LOW HITPOINT WARNING * * *
Eustachio casts a spell.
Eustachio blinks!
The bat hits you.
You die...

# #......#.##...
#.#.#<...#.....###
#........#......[#
###...#......#.#.#
....#†.........#.#
##++####..#...§#.#
##....<.[.#
###.....b####
#..).b@...#
##........#
##.......@...
#...######.. #.###
# #.# #.. ##


You could see Eustachio and 2 bats.

Vanquished Creatures
  A hound (D:3)
  A howler monkey zombie (D:3)
  A dart slug (D:1)
  A giant gecko (D:3)
  An orc (D:3)
  A giant cockroach (D:4)
  5 goblins
  2 hobgoblins
  4 jackals
  4 kobolds
  A ball python (D:3)
  7 bats
  A giant newt (D:1)
  4 rats
34 creatures vanquished.

Notes
Turn   | Place    | Note
--------------------------------------------------------------
     0 | D:1      | kurovuster the Spriggan Assassin began the quest for the Orb.
     0 | D:1      | Reached XP level 1. HP: 10/10 MP: 2/2
    62 | D:1      | Reached skill level 6 in Stealth
   169 | D:1      | Reached XP level 2. HP: 14/14 MP: 3/3
  1038 | D:3      | Reached XP level 3. HP: 14/18 MP: 4/4
  1042 | D:3      | Found a glowing golden altar of the Shining One.
  1149 | D:3      | Reached skill level 7 in Stealth
  1193 | D:3      | Reached XP level 4. HP: 16/23 MP: 5/5
  1261 | D:4      | Noticed Eustachio
  1279 | D:4      | HP: 1/23 [bat[Eustachio] (1)]
  1280 | D:4      | Slain by a bat

Vault maps used:
D:1:      onia_arrival_pyramid
D:2:      minmay_misc_feat_encased
D:3:      nicolae_tso_carved_into_rock
D:4:      grunt_temple_overflow_open, serial_shops, shop, minivault_5,
          kennysheep_cross_room, uniq_eustachio

Skill      XL: |  1  2  3 |
---------------+----------+-----
Stealth        | 6 7 |  7.7
Dodging        | 2 3 |  3.1
Fighting       | |  1.7
Short Blades   | |  2.3
Throwing       | |  2.0

Action                   |  1- 3 |  4- 6 || total
-------------------------+-------+-------++-------
Melee: Dagger            |   110 |    16 ||   126
  Use: Potion            |     1 |       ||     1
 Stab: Sleeping          |    10 |       ||    10
